AoeStats
← vululsss

Arena

510270911Analyzed
1v1 RM · 2d ago on Sep 30, 2026· 24m 38s· 2 players
Game mode
Random Map
Map size
Tiny (2 player)
Population
200
Speed
Normal
Resources
Standard
Victory
Conquest
Starting age
Dark Age
Ending age
Imperial Age
RankedLock teamsTeams togetherTeam positionsShared explorationLock speedFull tech treeHidden civsTurbo modeCheats
Victory
Defeat
🇮🇸 Malians · Iceland
1087
+15
🇹🇼 Mongols · Taiwan
1060
-15
vululsss
10:15 Feudal Age
14:01 Castle Age
11:51 Double-Bit Axe
13:21 Loom
15:07 Bow Saw
14:37 Horse Collar
オッドゥル
10:01 Feudal Age
9:34 Loom
14:40 Castle Age
13:19 Forging
13:47 Scale Mail Armor
13:53 Arson
23:28 Gold Mining
23:28 Stone Mining
Connection lost

Rejoining the realm…

Still unreachable

The connection could not be restored.

Session expired

The server has moved on; the page needs a fresh start.